← All builds
Suicide front / Legion / Quick factory / OBSERVED BUILD

Standard suicide front

Legion Suicide front build order · Supreme Isthmus

Quick Bot Lab into Vehicle Plant to project force at middle early with Ballista, Satyr, Decurion and Lance, transitioning into Barrage artillery and an Advanced Metal Extractor as the game develops.

#rush #raid · 61 distinct matches · 27 players · 80% of Legion Suicide front games · team won 56% of 64 · Recently observed

HOW TO PLAY IT

Key timing: Legion Vehicle Plant by 1:01

  1. Take first mex while the bot lab goes down immediately.
  2. Finish the bot lab fast to start producing early bots.
  3. Queue the vehicle plant right after for Ballista and Satyr.
  4. Push Ballista and Barrage to contest middle early.
  5. Transition into an advanced mex once T2 constructor is up.

Phase by phase

TYPICAL OF ITS 61 GAMES
  1. 1
  2. 2
  3. 3
PLAY THE OPENING

Follow the example game's first 6:00 step by step: what to build now, what comes next, and where it goes. At 1× it keeps pace with your own game.

  1. 1

    Up to the Legion Bot Lab

    Economy
    • Metal Extractor2Mex
    Order
    1. Legion Bot LabLegion Bot Lab after 2 mexdone ~0:34, middle half 0:27–0:46

    Some games also: Legion Vehicle Plant (33%)

    By 0:18 in all: 2 mex

    The example game in this phase · 1 step
    1. Legion Vehicle PlantLegion Vehicle Plantdone 0:22 · typical 0:38
  2. 2

    Legion Bot Lab to 5:00

    Economy
    • Metal Extractor4Mex
    • Wind Turbine6Wind
    Army
    • Pharos3 Pharos
    Other
    • Radar Tower1 Radar Tower

    Some games also: Legion Construction Bot (44%) · Zagreus (44%) · Legion Construction Vehicle (42%) · con turret (42%) · Barrage (41%)

    By 5:00 in all: 5 mex · 7 wind · 1 con turret

    The example game in this phase · 30 steps
    1. AlarisAlaris
    2. WheelieWheelie ×5
    3. Legion Construction VehicleLegion Construction Vehicle ×2
    4. Mex
    5. HeliosHelios
    6. Mex ×2
    7. HeliosHelios ×2
    8. Mex
    9. HeliosHelios
    10. Mex
    11. HeliosHelios
    12. AlarisAlaris
    13. Wind
    14. Legion Construction VehicleLegion Construction Vehicle
    15. Con turret
    16. Wind
    17. HeliosHelios
    18. Wind
    19. HeliosHelios
    20. Radar TowerRadar Tower
    21. HeliosHelios
    22. Wind
    23. HeliosHelios ×2
    24. Wind
    25. Legion Construction VehicleLegion Construction Vehicle
    26. Radar TowerRadar Tower
    27. HeliosHelios ×2
    28. Wind
    29. HeliosHelios ×3
    30. AlarisAlaris
  3. 3

    5:00 to 10:00

    Economy
    • Metal Extractor1Mex
    • Wind Turbine9Wind
    Builders
    • Construction Turret1 Con turret

    Some games also: Radar Tower (50%) · Pharos (42%) · energy storage (39%) · Lance (34%) · Zagreus (33%)

    By 10:00 in all: 6 mex · 17 wind · 1 energy storage · 2 con turret

    The example game in this phase · 22 steps
    1. Wind
    2. AlarisAlaris
    3. HeliosHelios
    4. AlarisAlaris
    5. HeliosHelios
    6. Wind
    7. AlarisAlaris
    8. HeliosHelios
    9. AlarisAlaris
    10. Converter
    11. HeliosHelios
    12. AlarisAlaris
    13. HeliosHelios
    14. Con turret
    15. Wind
    16. AlarisAlaris
    17. HeliosHelios
    18. Wind
    19. AlarisAlaris
    20. Wind
    21. Legion Drone PlantLegion Drone Plantdone 9:45
    22. HippotesHippotes

Counts are medians over the build's games: half of them build more, half fewer. The example game is Chancho's (32 OS, 05/09/2026); pick another.

Team trades

IN AT LEAST 30% OF ITS GAMES

You hand over

Nothing regular.

You get

  • Tidal Generator4 Tidal from Pondfirst at 0:12 · in 56% of games
  • Advanced Construction Bot1 T2 con bot from Tech or Geofirst at 7:37 · in 45% of games

How it plays out

Typical game of this build, running totals by minute

Metal produced

010k20k
0:005:0010:0015:00

metal

Enemy metal destroyed

05k10k
0:005:0010:0015:00

metal

Own metal lost

05k10k
0:005:0010:0015:00

metal

64 games.

Show as table
ByMetal produced: This buildEnemy metal destroyed: This buildOwn metal lost: This build
1:0028300
2:0087700
3:00181619270
4:002774469300
5:0038471119716
6:00484418481150
7:00589328741832
8:00727243202575
9:00847447363265
10:00972553614384
11:001112356744945
12:001311361295595
13:001394566067019
14:001564471597595
15:001724780818181
WHAT THE NUMBERS SAY

This aggressive opening wins more often than the role's other lines, with enemy metal destroyed well above own losses by 15:00.

  • + Enemy metal destroyed (9422) nearly doubles own metal lost (8541) by 15:00.
  • + Team wins 58% of games, strongest result among these roles.
  • − Own metal lost climbs fast early, 770 by 5:00 from committing hard.
THE EXAMPLE YOU ARE READING

Chancho

32.2 OS · 05/09/2026

Open source match ↗

8 received units
100 metal received · 15714 energy received

Allied construction assistance is unknown. Timings are observations, not a promise of solo reproducibility.

Typical milestones

Legion Bot Lab0:34Middle 50%: 0:27–0:46 · n=36
Legion Vehicle Plant0:38Middle 50%: 0:29–1:01 · n=41

Played most by

XuunnY11games of this buildChancho7games of this build_X_6games of this build[crd]sisa4games of this buildxabre3games of this build